 Dungeon Crawl Stone Soup version 0.26.0-10-g1f06aea511 (webtiles) character file.

Game seed: 14348211897422929146

106 Borgoz the Slasher (level 4, -1/38 HPs)
             Began as a Ghoul Gladiator on Jan 15, 2021.
             Was an Initiate of Ashenzari.
             Slain by an ice beast (4 damage)
             ... on level 3 of the Dungeon.
             The game lasted 00:02:52 (2753 turns).

Borgoz the Slasher (Ghoul Gladiator)                Turns: 2753, Time: 00:02:52

Health: -1/38      AC:  4    Str: 17    XL:     4   Next: 84%
Magic:  3/3        EV: 12    Int:  3    God:    Ashenzari [......]
Gold:   102        SH:  0    Dex: 11    Spells: 3/3 levels left

rFire    . . .     SeeInvis .   a - +0 long sword
rCold    + . .     Faith    .   (no shield)
rNeg     + + +     Spirit   .   b - +0 leather armour
rPois    ∞         Reflect  .   c - +0 helmet
rElec    .         Harm     .   (no cloak)
rCorr    .         Rampage  .   (no gloves)
Will     .....                  (no boots)
Stlth    +.........             (no amulet)
HPRegen  0.00/turn              (no ring)
MPRegen  0.08/turn              (no ring)

@: no status effects
A: claws 1, cold resistance 1, negative energy resistance 3, inhibited
regeneration, torment resistance, unbreathing
a: Renounce Religion, Curse Item


You were on level 3 of the Dungeon.
You worshipped Ashenzari.
Ashenzari was noncommittal.
You visited 1 branch of the dungeon, and saw 3 of its levels.

You collected 102 gold pieces.

Inventory:

Hand Weapons
 a - a +0 long sword (weapon)
Armour
 b - a +0 leather armour (worn)
 c - a +0 helmet (worn)
Scrolls
 e - a scroll of fog {unknown}
 f - 5 scrolls of remove curse
 g - a scroll of identify
 h - 2 scrolls of teleportation


   Skills:
 + Level 3.0 Fighting
 * Level 3.5 Long Blades
 - Level 1.7 Throwing
 * Level 2.0 Armour
 + Level 3.1 Dodging


You had 3 spell levels left.
You didn't know any spells.
Your spell library was empty.

Dungeon Overview and Level Annotations

Branches:
Dungeon (3/15)

Altars:
Ashenzari
Xom


Innate Abilities, Weirdness & Mutations

You thrive by killing the living.
You are immune to poison.
You have sharp fingernails.
Your flesh is cold resistant. (rC+)
You are immune to negative energy. (rN+++)
You do not regenerate when monsters are visible.
You are immune to unholy pain and torment.
You can survive without breathing.


Message History

The ice beast closely misses you.
You hit the ice beast.
The ice beast is severely wounded.
The ice beast hits you but does no damage.
You hit the ice beast but do no damage.
The ice beast is severely wounded.
The ice beast closely misses you.
You hit the ice beast.
The ice beast is almost dead.
The ice beast hits you.
* * * LOW HITPOINT WARNING * * *
The ice beast freezes you. You resist.
* * * LOW HITPOINT WARNING * * *
The ice beast closely misses you.
You barely miss the ice beast.
The ice beast is almost dead.
The ice beast hits you.
* * * LOW HITPOINT WARNING * * *
The ice beast freezes you. You resist.
You die...

#.....(.......
##.............
...............
...............
...............
...............
#.....Y.........
#.....@..........
#................
#................
#...)............
#................
#................
#................
#.....###........
#....##♣#........


You could see an ice beast.

Vanquished Creatures
  3 gnolls
  3 adders
  A worm (D:2)
  2 leopard geckos (D:2)
  3 orcs (D:2)
  A giant cockroach (D:1)
  6 hobgoblins
  2 jackals (D:2)
  7 kobolds
  A quokka (D:2)
  2 bats
  4 frilled lizards
  3 goblins
  7 rats
45 creatures vanquished.

Vanquished Creatures (others)
  5 plants
5 creatures vanquished.

Grand Total: 50 creatures vanquished

Notes
Turn   | Place    | Note
-------+----------+-------------------------------------------
     0 | D:1      | Borgoz the Ghoul Gladiator began the quest for the Orb.
     0 | D:1      | Reached XP level 1. HP: 17/17 MP: 0/0
   145 | D:1      | Reached XP level 2. HP: 25/25 MP: 1/1
   344 | D:1      | Found a broken altar of Ashenzari.
   650 | D:1      | Became a worshipper of Ashenzari the Shackled
   924 | D:2      | Reached skill level 1 in Armour
   928 | D:2      | Reached XP level 3. HP: 23/30 MP: 2/2
  1899 | D:2      | Reached XP level 4. HP: 17/37 MP: 3/3
  2383 | D:2      | Found a shimmering altar of Xom.
  2736 | D:3      | Noticed an ice beast
  2753 | D:3      | Slain by an ice beast

Illustrated notes

Levels and vault maps discovered:
D:1:      dpeg_arrival_rhombi, layout_loops_ring, kennysheep_nondescript,
          nicolae_ashenzari_panopticon
D:2:      layout_basic, tgw_xom, serial_bayou_pond_d
D:3:      layout_basic, grunt_ministairs_8, minmay_misc_feat_four_crosses,
          serial_bayou_ford_a

Skill      XL: |  1  2  3  4 |
---------------+-------------+-----
Long Blades    | 3 |  3.5
Armour         | 1 2 |  2.0
Dodging        | 3 |  3.1
Fighting       | 3 |  3.0
Throwing       | |  1.7

Action                   |  1- 3 |  4- 6 || total
-------------------------+-------+-------++-------
Melee: Long sword        |    76 |    66 ||   142
Throw: Throwing net      |     4 |     2 ||     6
  Use: Scroll            |     4 |       ||     4
 Stab: Held in net/web   |     1 |       ||     1
Armor: Leather armour    |    29 |    15 ||    44
Dodge: Dodged            |    80 |    52 ||   132
       Rpst.: Long sword |    21 |    13 ||    34
